 Dungeon Sprint DCSS version 0.31-a0-365-gcf821cafb2 (webtiles) character file.

Game seed: 17851166922522022006

42041 rocky1 the Peltast (level 14, -8/121 HPs)
             Began as a Gnoll Shapeshifter on July 28, 2023.
             Was a High Priest of Cheibriados.
             Killed from afar by Margery (43 damage)
             ... with a fireball
             ... in the Dungeon (Sprint VII: "The Pits").
             The game lasted 00:14:13 (6409 turns).

rocky1 the Peltast (Gnoll Shapeshifter)             Turns: 6409, Time: 00:14:13

Health: -8/121     AC: 26    Str: 28    XL:     14   Next: 18%
Magic:  4/32       EV: 18    Int: 22    God:    Cheibriados [*****.]
Gold:   73         SH:  0    Dex: 23    Spells: 39/42 levels left

rFire   . .          .
                       - Unarmed
rCold   . . .        (no shield)
rNeg    . . .        J - +10 plate armour of Naumoss {+Inv}
rPois   +            s - melded +0 helmet
rElec   .            u - melded +0 cloak
rCorr   .            t - melded +0 pair of gloves
SInv    +            (boots currently unavailable)
Will    +....        (no amulet)
Stlth   ++           x - ring of poison resistance
HPRegen 0.40/turn    v - ring of see invisible
MPRegen 0.23/turn

%: no teleportation
@: beast-form, studying Shields, very slow
A: beast (slay +7), fangs 1, strong nose, distributed training
a: Begin Untransformation, Renounce Religion, Evoke Invisibility, Bend Time,
Temporal Distortion, Slouch, Step From Time


You were in the Dungeon.
You worshipped Cheibriados.
Cheibriados was extremely pleased with you.
You were a hulking beast.
You visited 1 branch You collected 73 gold pieces.

Inventory:

Hand Weapons
 a - a +3 scimitar of flaming
Missiles
 M - a silver javelin
 O - 2 boomerangs
Armour
 m - a +1 hat of willpower
 r - a +4 chain mail
 s - a +0 helmet (melded)
 t - a +0 pair of gloves (melded)
 u - a +0 cloak (melded)
 J - the +10 plate armour of Naumoss (worn) {+Inv}
   (You found it in the Dungeon)

   +Inv:      It lets you turn invisible.
 L - a +4 scale mail of fire resistance
Magical Staves
 I - the staff "Noit" {rC+ Will+ Ice}
   (You found it in the Dungeon)

   [staff of cold]

   Base accuracy: +5 Base damage: 5 Base attack delay: 1.2 This weapon's minimum
   attack delay (0.6) is reached at skill level 12.
   rC:        It protects you from cold.
   Ice:       It increases the power of your Ice spells.
   Will:      It increases your willpower.
   It falls into the 'Staves' category.
   It is a one-handed weapon.
 K - the staff "Ozosmatise" {Fragile rElec rN+ rCorr Earth}
   (You found it in the Dungeon)

   [staff of earth]

   Base accuracy: +5 Base damage: 5 Base attack delay: 1.2 This weapon's minimum
   attack delay (0.6) is reached at skill level 12.
   rElec:     It insulates you from electricity.
   rN:        It protects you from negative energy.
   rCorr:     It protects you from acid and corrosion.
   Fragile:   It will be destroyed if unequipped.
   Earth:     It increases the power of your Earth spells.
   It falls into the 'Staves' category.
   It is a one-handed weapon.
Jewellery
 n - a +3 ring of dexterity
 o - a +3 ring of dexterity
 v - a ring of see invisible (right hand)
 x - a ring of poison resistance (left hand)
 N - the ring of Daisies {rN+ Will+}
   (You found it in the Dungeon)

   [ring of positive energy]

   rN:        It protects you from negative energy.
   Will:      It increases your willpower.
Talismans
 c - a beast talisman
Wands
 E - a wand of polymorph (4)
 F - a wand of paralysis (7)
 G - a wand of flame (1)
 H - a wand of iceblast (3)
 P - a wand of light (3)
Scrolls
 k - 5 scrolls of amnesia
 l - a scroll of summoning
 w - a scroll of revelation
 y - 2 scrolls of identify
 z - 3 scrolls of fog
 A - 2 scrolls of enchant armour
 C - 2 scrolls of enchant weapon
Potions
 b - a potion of lignification
 d - 7 potions of curing
 e - 16 potions of heal wounds
 f - 7 potions of haste
 g - 6 potions of magic
 h - 4 potions of berserk rage
 j - 2 potions of invisibility
 p - 4 potions of mutation
 q - 2 potions of resistance
 B - a potion of might
 D - 2 potions of brilliance


   Skills:
 + Level 14.9 Fighting
 + Level 14.6 Short Blades
 + Level 14.6 Long Blades
 + Level 14.6 Axes
 + Level 14.6 Maces & Flails
 + Level 14.6 Polearms
 + Level 14.6 Staves
 + Level 14.6 Ranged Weapons
 + Level 14.6 Throwing
 + Level 14.6 Armour
 + Level 15.3 Dodging
 + Level 14.6 Stealth
 + Level 17.0 Shields
 + Level 15.9 Unarmed Combat
 + Level 14.6 Spellcasting
 + Level 12.4 Conjurations
 + Level 12.4 Hexes
 + Level 12.4 Summonings
 + Level 12.4 Necromancy
 + Level 12.4 Translocations
 + Level 12.4 Transmutations
 + Level 12.4 Fire Magic
 + Level 12.4 Ice Magic
 + Level 12.4 Air Magic
 + Level 12.4 Earth Magic
 + Level 12.4 Poison Magic
 + Level 15.9 Invocations
 + Level 14.6 Evocations
 + Level 14.0 Shapeshifting


You had 39 spell levels left.
You knew the following spells:

 Your Spells              Type           Power      Damage    Failure   Level
a - Frozen Ramparts       Ice            100%       1d16      1%          3

Your spell library contained the following spells:

 Spells                   Type           Power      Damage    Failure   Level
 Freeze                   Ice            100%       1d10      1%          1
 Scorch                   Fire           100%       2d9       1%          2
 Static Discharge         Conj/Air       100%       2-7/arc   1%          2
 Hailstorm                Conj/Ice       63%        3d13      1%          3
 Ignite Poison            Fire/Tmut/Pois 63%        N/A       1%          3
 Inner Flame              Hex/Fire       63%        N/A       1%          3
 Volatile Blastmotes      Fire/Tloc      100%       2d18      1%          3
 Airstrike                Air            31%        2d(5-21)  1%          4
 Summon Lightning Spire   Summ/Air       63%        N/A       1%          4
 Fireball                 Conj/Fire      31%        3d13      3%          5
 Iskenderun's Battlesphe  Conj           63%        2d11      3%          5
 Conjure Ball Lightning   Conj/Air       31%        3x3d10    22%         6
 Malign Gateway           Summ/Tloc      31%        N/A       75%         7
 Orb of Destruction       Conj           31%        9d10      75%         7
 Summon Horrible Things   Summ           31%        N/A       100%        8


Dungeon Overview and Level Annotations

Branches:
Dungeon (1/1)

Altars:
Ashenzari
Cheibriados
Dithmenos
Elyvilon
Fedhas
Gozag
Hepliaklqana
Kikubaaqudgha
Makhleb
Nemelex Xobeh
Okawaru
Qazlal
Ru
Sif Muna
Trog
Uskayaw
Vehumet
Wu Jian
Xom
Yredelemnul
Zin
The Shining One
Jiyva
Lugonu

Annotations:
D Margery


Innate Abilities, Weirdness & Mutations

You are a hulking beast.
Your limbs bulge with bestial killing power. (Slay +7)
You have very sharp teeth.
Your uncanny sense of smell can sniff out nearby items.
Your experience applies equally to all skills.


Message History

Margery misses you.
Your Shields skill increases to level 17!
Your Shapeshifting skill increases to level 14!
You punch Margery!
Margery is severely wounded.
The hell knight utters an invocation to its god.
The hell knight seems to speed up.
You punch Margery! You bite Margery!
Margery is severely wounded.
You punch Margery! You punch Margery, but do no damage.
Margery is severely wounded.
The hell knight prays to its god.
The hell knight seems to speed up.
Margery hits you with a +3 broad axe!!
You punch Margery!
Margery is almost dead.
Margery hits you with a +3 broad axe!
Activating: Slouch (0% risk of failure)
Press: ? - help, Dir - look around, f - activate You can feel time thicken for a moment.
Cheibriados lowers the support of your attributes as your movement quickens.
The hell knight mumbles some strange prayers to its god against you.
The bolt of fire hits you!!
* * * LOW HITPOINT WARNING * * *
The hell knight hits you with a +1 battleaxe of flaming.
* * * LOW HITPOINT WARNING * * *
The hell knight burns you.
* * * LOW HITPOINT WARNING * * *
Margery points at you and mumbles some strange words.
The bolt of fire misses you.
The hell knight invokes the aid of its god against you.
The bolt of fire misses you. x2; The bolt of fire hits the hell knight.
The hell knight completely resists.
You don't have enough magic at the moment.
Unknown command.
Blink to where?
Press: ? - help, Dir - move target
As you read the scroll of blinking, it crumbles to dust.
Margery gestures at you while chanting.
The fireball explodes!
The fireball engulfs you!!!
You die...

#).# #).# #..#
∆∆ ∆∆#).# ∆∆
∆∆#[.# #''#
##''#
∆∆∆∆∆∆##...#
∆∆∆∆∆∆##.)h##
.###++###...###
∆
...........##.#
∆
......#..[#..#
∆ #...###.)'..#
##...#...#|.# ∆
..#....@...##.#
∆
.)..p..p.)..###
∆
.##++##...#..##


You could see Margery and a hell knight (fast).

Vanquished Creatures
  A lich (D)
  A sphinx (D)
  Gastronok (D)
  A shadow dragon (D)
  A deep elf sorcerer (D)
  An emperor scorpion (D)
  A ghost moth (D)
  A draconian shifter (D)
  A spriggan defender (D)
  A draconian annihilator (D)
  3 deep elf demonologists (D)
  A black draconian (D)
  A purple draconian (D)
  A white draconian (D)
  A deep elf annihilator (D)
  A merfolk javelineer (D)
  A great orb of eyes (D)
  3 hydras (D)
  A boulder beetle (D)
  2 ogre magi (D)
  2 spriggan air magi (D)
  A dancing weapon (D)
  A merfolk avatar (D)
  A death yak (D)
  A deep troll shaman (D)
  A deep troll earth mage (D)
  2 two-headed ogres (D)
  A demonic crawler (D)
  A hell knight (D)
  A spriggan (D)
  Nergalle (D)
  3 sea snakes (D)
  2 deep trolls (D)
  2 phantasmal warriors (D)
  3 lindwurms (D)
  2 wizards (D)
  An orc sorcerer (D)
  An elephant (D)
  2 manticores (D)
  A black mamba (D)
  Joseph (D)
  A molten gargoyle (D)
  A naga mage (D)
  A cane toad (D)
  A rime drake (D)
  A kobold demonologist (D)
  An efreet (D)
  2 yaktaurs (D)
  A freezing wraith (D)
  2 ice devils (D)
  A guardian mummy (D)
  A troll (D)
  A polar bear (shapeshifter) (D)
  A tyrant leech (D)
  2 hornets (D)
  2 merfolk (D)
  A shadow (D)
  A flying skull (D)
  An air elemental (D)
  2 small abominations (D)
  4 yaks (D)
  A wraith (D)
  Eustachio (D)
  2 steam dragons (D)
  A redback (D)
  A large abomination (D)
  2 water moccasins (D)
  2 swamp drakes (D)
  A black bear (D)
  An ogre (D)
  A sky beast (D)
  2 centaurs (D)
  A kobold brigand (D)
  A scorpion (D)
  2 crimson imps (D)
  A hound (D)
  A jelly (D)
  An orc priest (D)
  2 iguanas (D)
  2 hell rats (D)
  An orc wizard (D)
  A gnoll (D)
  2 river rats (D)
  An ufetubus (D)
  An adder skeleton (D)
  An adder simulacrum (D)
  3 orcs (D)
  A ball python (D)
  A giant cockroach (D)
  4 jackals (D)
  2 quokkas (D)
  A ball python simulacrum (D)
  A ball python skeleton (D)
  2 bats (D)
  3 frilled lizards (D)
  2 giant cockroach zombies (D)
  A rat (D)
138 creatures vanquished.

Notes
Turn   | Place    | Note
-------+----------+-------------------------------------------
     0 | D        | rocky1 the Gnoll Shapeshifter began the quest for the Orb.
     0 | D        | Reached XP level 1. HP: 17/17 MP: 1/1
    18 | D        | Reached skill level 1 in Short Blades
    18 | D        | Reached skill level 1 in Long Blades
    18 | D        | Reached skill level 1 in Axes
    18 | D        | Reached skill level 1 in Maces & Flails
    18 | D        | Reached skill level 1 in Polearms
    18 | D        | Reached skill level 1 in Staves
    18 | D        | Reached skill level 1 in Ranged Weapons
    18 | D        | Reached skill level 1 in Throwing
    18 | D        | Reached skill level 1 in Armour
    18 | D        | Reached skill level 1 in Stealth
    18 | D        | Reached skill level 1 in Shields
    18 | D        | Reached skill level 1 in Spellcasting
    18 | D        | Reached skill level 1 in Conjurations
    18 | D        | Reached skill level 1 in Hexes
    18 | D        | Reached skill level 1 in Summonings
    18 | D        | Reached skill level 1 in Necromancy
    18 | D        | Reached skill level 1 in Translocations
    18 | D        | Reached skill level 1 in Transmutations
    18 | D        | Reached skill level 1 in Fire Magic
    18 | D        | Reached skill level 1 in Ice Magic
    18 | D        | Reached skill level 1 in Air Magic
    18 | D        | Reached skill level 1 in Earth Magic
    18 | D        | Reached skill level 1 in Poison Magic
    18 | D        | Reached skill level 1 in Invocations
    18 | D        | Reached skill level 1 in Evocations
    18 | D        | Reached XP level 2. HP: 20/23 MP: 1/3
    22 | D        | Found a bloodstained altar of Trog.
    22 | D        | Found a shimmering blue altar of Sif Muna.
    22 | D        | Found a viscous altar of Jiyva.
    22 | D        | Found a hazy altar of Hepliaklqana.
    22 | D        | Found an opulent altar of Gozag.
    23 | D        | Found a glowing golden altar of the Shining One.
    23 | D        | Found a glowing silver altar of Zin.
    23 | D        | Found a basalt altar of Yredelemnul.
    23 | D        | Found a shimmering altar of Xom.
    23 | D        | Found an ornate altar of the Wu Jian Council.
    23 | D        | Found a sacrificial altar of Ru.
    23 | D        | Found a stormy altar of Qazlal.
    23 | D        | Found an iron altar of Okawaru.
    23 | D        | Found a sparkling altar of Nemelex Xobeh.
    23 | D        | Found a burning altar of Makhleb.
    23 | D        | Found a blossoming altar of Fedhas.
    23 | D        | Found a white marble altar of Elyvilon.
    23 | D        | Found a shadowy altar of Dithmenos.
    23 | D        | Found a snail-covered altar of Cheibriados.
    26 | D        | Found a corrupted altar of Lugonu.
    26 | D        | Found a radiant altar of Vehumet.
    27 | D        | Found an ancient bone altar of Kikubaaqudgha.
    27 | D        | Found a hide-covered altar of Uskayaw.
    27 | D        | Found a broken altar of Ashenzari.
    42 | D        | Became a worshipper of Cheibriados the Contemplative
    80 | D        | Noticed a scorpion
    85 | D        | Killed a scorpion
    86 | D        | Reached skill level 5 in Dodging
    86 | D        | Reached skill level 2 in Shields
    86 | D        | Reached XP level 3. HP: 10/30 MP: 3/6
    86 | D        | Reached XP level 4. HP: 12/37 MP: 3/7
    87 | D        | Reached * piety under Cheibriados
   409 | D        | Reached ** piety under Cheibriados
   421 | D        | Reached *** piety under Cheibriados
   428 | D        | Reached skill level 3 in Shields
   431 | D        | Reached XP level 5. HP: 39/42 MP: 9/9
   494 | D        | Noticed a water moccasin
   507 | D        | Killed a water moccasin
   507 | D        | Reached **** piety under Cheibriados
   508 | D        | Reached skill level 4 in Shields
   773 | D        | Noticed a water moccasin
   777 | D        | Reached skill level 5 in Fighting
   777 | D        | Reached XP level 6. HP: 42/51 MP: 12/12
   784 | D        | Reached ***** piety under Cheibriados
   787 | D        | Killed a water moccasin
   788 | D        | Reached skill level 5 in Invocations
   793 | D        | Reached skill level 5 in Short Blades
   793 | D        | Reached skill level 5 in Long Blades
   793 | D        | Reached skill level 5 in Axes
   793 | D        | Reached skill level 5 in Maces & Flails
   793 | D        | Reached skill level 5 in Polearms
   793 | D        | Reached skill level 5 in Staves
   793 | D        | Reached skill level 5 in Ranged Weapons
   793 | D        | Reached skill level 5 in Throwing
   793 | D        | Reached skill level 5 in Armour
   793 | D        | Reached skill level 5 in Stealth
   793 | D        | Reached skill level 5 in Shields
   793 | D        | Reached skill level 5 in Spellcasting
   793 | D        | Reached skill level 5 in Evocations
  1039 | D        | Noticed a cane toad
  1044 | D        | Killed a cane toad
  1045 | D        | Reached XP level 7. HP: 31/59 MP: 13/15
  1246 | D        | Reached ****** piety under Cheibriados
  1248 | D        | Reached skill level 6 in Shields
  1248 | D        | Reached skill level 5 in Conjurations
  1248 | D        | Reached skill level 5 in Hexes
  1248 | D        | Reached skill level 5 in Summonings
  1248 | D        | Reached skill level 5 in Necromancy
  1248 | D        | Reached skill level 5 in Translocations
  1248 | D        | Reached skill level 5 in Transmutations
  1248 | D        | Reached skill level 5 in Fire Magic
  1248 | D        | Reached skill level 5 in Ice Magic
  1248 | D        | Reached skill level 5 in Air Magic
  1248 | D        | Reached skill level 5 in Earth Magic
  1248 | D        | Reached skill level 5 in Poison Magic
  1358 | D        | Reached XP level 8. HP: 65/65 MP: 17/17
  1510 | D        | Noticed a boulder beetle
  1659 | D        | Killed a boulder beetle
  1660 | D        | Reached skill level 7 in Shields
  1976 | D        | Noticed a manticore
  1976 | D        | Noticed a phantasmal warrior
  1979 | D        | Killed a manticore
  1979 | D        | Killed a phantasmal warrior
  1980 | D        | Reached skill level 10 in Unarmed Combat
  1980 | D        | Reached XP level 9. HP: 57/75 MP: 3/20
  2182 | D        | Noticed an efreet
  2185 | D        | Reached skill level 8 in Shields
  2188 | D        | Killed an efreet
  2480 | D        | Noticed a molten gargoyle
  2480 | D        | Noticed Gastronok
  2485 | D        | Killed a molten gargoyle
  2486 | D        | Reached XP level 10. HP: 51/82 MP: 11/22
  2495 | D        | Killed Gastronok
  2496 | D        | Reached skill level 10 in Dodging
  2496 | D        | Reached skill level 9 in Shields
  2496 | D        | Reached skill level 10 in Shapeshifting
  2646 | D        | Noticed a lindwurm
  2646 | D        | Noticed a sea snake
  2650 | D        | Killed a lindwurm
  2650 | D        | Killed a sea snake
  2651 | D        | Reached skill level 10 in Invocations
  2868 | D        | Noticed a kobold demonologist
  2868 | D        | Noticed a phantasmal warrior
  2871 | D        | Noticed a rust devil
  2875 | D        | Killed a kobold demonologist
  2876 | D        | Reached skill level 10 in Fighting
  2877 | D        | Killed a phantasmal warrior
  2878 | D        | Reached XP level 11. HP: 44/91 MP: 13/24
  3029 | D        | Reached skill level 10 in Short Blades
  3029 | D        | Reached skill level 10 in Long Blades
  3029 | D        | Reached skill level 10 in Axes
  3029 | D        | Reached skill level 10 in Maces & Flails
  3029 | D        | Reached skill level 10 in Polearms
  3029 | D        | Reached skill level 10 in Staves
  3029 | D        | Reached skill level 10 in Ranged Weapons
  3029 | D        | Reached skill level 10 in Throwing
  3029 | D        | Reached skill level 10 in Armour
  3029 | D        | Reached skill level 10 in Stealth
  3029 | D        | Reached skill level 10 in Shields
  3029 | D        | Reached skill level 10 in Spellcasting
  3029 | D        | Reached skill level 10 in Evocations
  3097 | D        | Noticed Eustachio
  3097 | D        | Noticed a five-headed hydra
  3099 | D        | Noticed Joseph
  3101 | D        | Killed Eustachio
  3101 | D        | Noticed a lindwurm
  3103 | D        | Killed a five-headed hydra
  3103 | D        | Killed Joseph
  3104 | D        | Noticed a lindwurm
  3106 | D        | Killed a lindwurm
  3113 | D        | Killed a lindwurm
  3413 | D        | Learned a level 3 spell: Frozen Ramparts
  3875 | D        | Noticed a demonic crawler
  3888 | D        | Killed a demonic crawler
  3889 | D        | Reached skill level 11 in Shields
  4174 | D        | Noticed a manticore
  4174 | D        | Noticed a white draconian
  4174 | D        | Noticed a +1 short sword of electrocution
  4174 | D        | Noticed a spriggan rider
  4174 | D        | Noticed a purple draconian shifter
  4175 | D        | Killed a +1 short sword of electrocution
  4176 | D        | Killed a spriggan rider
  4177 | D        | Reached XP level 12. HP: 84/101 MP: 16/27
  4186 | D        | Killed a purple draconian shifter
  4190 | D        | Killed a white draconian
  4411 | D        | Got the Book of Scorched Putrescence
  4593 | D        | Noticed Nergalle
  4593 | D        | Noticed a shadow dragon
  4593 | D        | Noticed a two-headed ogre
  4595 | D        | Killed a two-headed ogre
  4596 | D        | Reached skill level 10 in Conjurations
  4596 | D        | Reached skill level 10 in Hexes
  4596 | D        | Reached skill level 10 in Summonings
  4596 | D        | Reached skill level 10 in Necromancy
  4596 | D        | Reached skill level 10 in Translocations
  4596 | D        | Reached skill level 10 in Transmutations
  4596 | D        | Reached skill level 10 in Fire Magic
  4596 | D        | Reached skill level 10 in Ice Magic
  4596 | D        | Reached skill level 10 in Air Magic
  4596 | D        | Reached skill level 10 in Earth Magic
  4596 | D        | Reached skill level 10 in Poison Magic
  4597 | D        | Noticed a great orb of eyes
  4601 | D        | Killed a great orb of eyes
  4602 | D        | Reached skill level 12 in Shields
  4602 | D        | Noticed a merfolk javelineer
  4602 | D        | Noticed a five-headed hydra
  4603 | D        | Killed Nergalle
  4603 | D        | Noticed a death yak
  4605 | D        | Killed a merfolk javelineer
  4605 | D        | Killed a five-headed hydra
  4605 | D        | Noticed an ogre mage
  4608 | D        | Killed a shadow dragon
  4609 | D        | Reached skill level 13 in Shields
  4610 | D        | Noticed an emperor scorpion
  4611 | D        | Noticed a four-headed hydra
  4613 | D        | Killed a death yak
  4613 | D        | Killed an ogre mage
  4619 | D        | Noticed a two-headed ogre
  4629 | D        | Killed a four-headed hydra
  4629 | D        | Killed a two-headed ogre
  4630 | D        | Reached XP level 13. HP: 93/111 MP: 18/29
  4632 | D        | Killed an emperor scorpion
  4635 | D        | Reached skill level 14 in Shields
  4987 | D        | Got the staff "Noit" {rC+ Will+ Ice}
  4989 | D        | Got the +10 plate armour of Naumoss {+Inv}
  5001 | D        | Got the staff "Ozosmatise" {Fragile rElec rN+ rCorr Earth}
  5015 | D        | Got the ring of Daisies {rN+ Will+}
  5086 | D        | Noticed a ghost moth
  5097 | D        | Killed a ghost moth
  5623 | D        | Noticed a black draconian
  5626 | D        | Reached skill level 15 in Shields
  5644 | D        | Killed a black draconian
  5645 | D        | Reached skill level 15 in Unarmed Combat
  5650 | D        | Noticed a deep elf sorcerer
  5833 | D        | Noticed a sphinx
  5843 | D        | Killed a sphinx
  5844 | D        | Reached skill level 15 in Invocations
  5845 | D        | Noticed a lich
  5951 | D        | Killed a deep elf sorcerer
  6019 | D        | Noticed a deep elf annihilator
  6054 | D        | Noticed a spriggan defender
  6055 | D        | Noticed a deep elf demonologist
  6061 | D        | Killed a deep elf demonologist
  6063 | D        | Killed a deep elf annihilator
  6064 | D        | Reached skill level 16 in Shields
  6199 | D        | Killed a spriggan defender
  6314 | D        | Noticed a deep elf demonologist
  6318 | D        | Killed a deep elf demonologist
  6321 | D        | Noticed a deep elf demonologist
  6321 | D        | Noticed a purple draconian
  6324 | D        | Killed a deep elf demonologist
  6325 | D        | Reached skill level 15 in Dodging
  6325 | D        | Reached XP level 14. HP: 121/121 MP: 16/32
  6327 | D        | Killed a purple draconian
  6396 | D        | Noticed a yellow draconian annihilator
  6397 | D        | Noticed Margery
  6398 | D        | Noticed a lich
  6402 | D        | Killed a yellow draconian annihilator
  6403 | D        | Killed a lich
  6404 | D        | Reached skill level 17 in Shields
  6409 | D        | Killed from afar by Margery

Illustrated notes

Levels and vault maps discovered:
D:        pitsprint [storerooms_1, entrance_room_1, metal_vault_2, armoury_1,
          mini_pit_1, grid_room_1, main_hall_1, silver_pit, the_coven_1,
          the_vestibule_1, steel_vault_1, golden_pit, hallway_of_sentries,
          crystal_vault_1, iron_vault_5, final_vault]

Skill      XL: |  1  2  3  4  5  6  7  8  9 10 11 12 13 14 |
---------------+-------------------------------------------+-----
Short Blades   | 1 2 3 4 5 6 7 8 9 11 12 14 | 14.6
Long Blades    | 1 2 3 4 5 6 7 8 9 11 12 14 | 14.6
Axes           | 1 2 3 4 5 6 7 8 9 11 12 14 | 14.6
Maces & Flails | 1 2 3 4 5 6 7 8 9 11 12 14 | 14.6
Polearms       | 1 2 3 4 5 6 7 8 9 11 12 14 | 14.6
Staves         | 1 2 3 4 5 6 7 8 9 11 12 14 | 14.6
Ranged Weapons | 1 2 3 4 5 6 7 8 9 11 12 14 | 14.6
Throwing       | 1 2 3 4 5 6 7 8 9 11 12 14 | 14.6
Armour         | 1 2 3 4 5 6 7 8 9 11 12 14 | 14.6
Stealth        | 1 2 3 4 5 6 7 8 9 11 12 14 | 14.6
Shields        | 1 2 3 4 5 6 7 8 9 11 13 16 17 | 17.0
Spellcasting   | 1 2 3 4 5 6 7 8 9 11 12 14 | 14.6
Conjurations   | 1 2 3 4 5 6 7 8 9 10 12 | 12.4
Hexes          | 1 2 3 4 5 6 7 8 9 10 12 | 12.4
Summonings     | 1 2 3 4 5 6 7 8 9 10 12 | 12.4
Necromancy     | 1 2 3 4 5 6 7 8 9 10 12 | 12.4
Translocations | 1 2 3 4 5 6 7 8 9 10 12 | 12.4
Transmutations | 1 2 3 4 5 6 7 8 9 10 12 | 12.4
Fire Magic     | 1 2 3 4 5 6 7 8 9 10 12 | 12.4
Ice Magic      | 1 2 3 4 5 6 7 8 9 10 12 | 12.4
Air Magic      | 1 2 3 4 5 6 7 8 9 10 12 | 12.4
Earth Magic    | 1 2 3 4 5 6 7 8 9 10 12 | 12.4
Poison Magic   | 1 2 3 4 5 6 7 8 9 10 12 | 12.4
Invocations    | 1 2 3 4 6 8 9 10 12 13 15 | 15.9
Evocations     | 1 2 3 4 5 6 7 8 9 11 12 14 | 14.6
Fighting       | 3 4 5 6 8 10 11 13 14 | 14.9
Dodging        | 5 6 7 9 10 12 13 15 | 15.3
Unarmed Combat | 7 8 9 10 11 13 14 15 | 15.9
Shapeshifting  | 7 8 9 10 11 12 13 14 | 14.0

Action                     |  1- 3 |  4- 6 |  7- 9 | 10-12 | 13-15 || total
---------------------------+-------+-------+-------+-------+-------++-------
  Melee: Unarmed           |     9 |    57 |    29 |    81 |    76 ||   252
         Bite              |       |     5 |     5 |    15 |    15 ||    40
         Punch             |       |     1 |     3 |     4 |    10 ||    18
   Cast: Frozen Ramparts   |       |       |       |     2 |       ||     2
 Invoke: Slouch            |       |       |     9 |    28 |    19 ||    56
    Use: Potion            |       |     1 |       |     7 |     1 ||     9
         Scroll            |       |       |       |     1 |     2 ||     3
   Stab: Sleeping          |       |     1 |       |     1 |       ||     2
         Distracted        |       |       |       |       |     1 ||     1
 Armour: Animal skin       |       |    11 |       |       |       ||    11
         Ring mail         |       |     8 |     2 |       |       ||    10
         Chain mail        |       |       |     5 |    32 |     3 ||    40
         Plate armour      |       |       |       |       |    30 ||    30
  Dodge: Dodged            |     4 |    42 |    26 |   105 |    54 ||   231
         Form:             |       |       |     1 |       |       ||     1
         Beast             |       |       |     1 |       |       ||     1

Table legend: (Time is in decaauts)
 A = Elapsed time spent in this place.
 B = Non-inter-level travel time spent in this place.
 C = Inter-level travel time spent in this place.
 D = Time resting spent in this place.
 E = Time spent auto-exploring this place.
 F = Levels seen in this place.
 G = Mean time per level.
                   A        B        C        D        E       F      G
               +--------+--------+--------+--------+--------+-----+--------+
         Total |   7124 |   6997 |    127 |   5086 |      0 |   1 | 7124.0 |
       Dungeon |   7124 |   6997 |    127 |   5086 |      0 |   1 | 7124.0 |
               +--------+--------+--------+--------+--------+-----+--------+

Top non-repeatable levels by time:
       D: 7124 daAuts
